 Dungeon Crawl Stone Soup version 0.29-a0-96-g93358da72b (webtiles) character file.

Game seed: 8244080098677511072

254 cyrus the Poker (level 6, 0/49 HPs)
             Began as a Merfolk Fighter on Feb 11, 2022.
             Slain by a jackal zombie (2 damage)
             ... in an ossuary.
             The game lasted 00:08:07 (4142 turns).

cyrus the Poker (Merfolk Fighter)                   Turns: 4142, Time: 00:08:08

Health: 0/49       AC: 11    Str: 16    XL:     6   Next: 15%
Magic:  6/6        EV:  4    Int:  9    God:
Gold:   133        SH:  5    Dex: 14    Spells: 5/5 levels left

rFire   . . .      SeeInvis .   a - +0 trident
rCold   . . .      Faith    .   c - +0 buckler
rNeg    . . .      Spirit   .   k - +0 plate armour
rPois   .          Reflect  .   (no helmet)
rElec   .          Harm     .   (no cloak)
rCorr   .          Rampage  .   (no gloves)
Will    .....                   (no boots)
Stlth   ..........              (no amulet)
HPRegen 0.16/turn               q - ring of flight
MPRegen 0.10/turn               (no ring)

@: marked, flying
A: (nimble swimmer 2), mertail
a: no special abilities


You were in an ossuary.
You visited 1 branch of the dungeon, and saw 4 of its levels.
You also visited: Ossuary.

You collected 133 gold pieces.

Inventory:

Hand Weapons
 a - a +0 trident (weapon)
Missiles
 e - 3 curare-tipped darts (quivered)
 l - 2 poisoned darts
Armour
 b - a +0 scale mail
 c - a +0 buckler (worn)
 k - a +0 plate armour (worn)
Jewellery
 q - a ring of flight (left hand)
Wands
 o - a wand of charming (8)
 s - a wand of flame (13)
Scrolls
 f - a scroll of blinking {unknown}
 h - 2 scrolls of fear {unknown}
 j - a scroll of amnesia {unknown}
 m - 2 scrolls of teleportation {unknown}
 n - a scroll of holy word {unknown}
Potions
 g - a potion of mutation {unknown}
 i - 3 potions of curing {unknown}
 p - 2 potions of heal wounds {unknown}
 r - a potion of brilliance {unknown}


   Skills:
 + Level 4.7 Fighting
 + Level 6.1 Polearms
 + Level 2.8 Armour
 + Level 1.4 Dodging
 + Level 3.6 Shields


You had 5 spell levels left.
You didn't know any spells.
Your spell library was empty.

Dungeon Overview and Level Annotations

Branches:
Dungeon (4/15)            Ossuary (1/1)
 Temple: D:4-7

Altars:
Cheibriados


Innate Abilities, Weirdness & Mutations

((You are very nimble when in or above water. (Stealth+, EV+, Speed+++)))
Your lower body shifts to a powerful aquatic tail in water.


Message History

You block the centaur zombie's attack.
The centaur zombie kicks you but does no damage.
You block the human zombie's attack. The jackal zombie barely misses you.
You hit the elf zombie.
The elf zombie is moderately damaged.
The centaur zombie hits you.
The centaur zombie kicks you but does no damage.
The human zombie hits you. You block the jackal zombie's attack.
The elf zombie hits you but does no damage.
The human zombie hits you but does no damage.
The mummy hits you.
* * * LOW HITPOINT WARNING * * *
A mummy breaks down the door.
The centaur zombie hits you.
* * * LOW HITPOINT WARNING * * *
The centaur zombie kicks you but does no damage.
An orc zombie comes into view.
You puncture the centaur zombie!
You destroy the centaur zombie!
The jackal zombie bites you but does no damage.
The human zombie completely misses you.
The elf zombie hits you but does no damage.
The human zombie hits you.
* * * LOW HITPOINT WARNING * * *
The mummy hits you but does no damage.
Your Polearms skill increases to level 6!
You have reached level 6!
You puncture the adder zombie!
The adder zombie is severely damaged.
You block the jackal zombie's attack. The adder zombie bites you.
* * * LOW HITPOINT WARNING * * *
A kobold zombie comes into view.
The human zombie barely misses you.
The elf zombie hits you but does no damage.
The jackal zombie bites you but does no damage.
The human zombie hits you.
* * * LOW HITPOINT WARNING * * *
You barely miss the adder zombie.
The adder zombie is severely damaged.
You block the adder zombie's attack. The jackal zombie bites you.
You die...

#....................#
#....................#
#........8..8........#
#....................#
#...######.^######...#
#...# #.^# #...# #...#
#Z.# #...#
#...#.####ZZ####.#...#
#...#...Z@ZZ.....#...#
#...#...ZZM.####.#...#
#...#....ZZ.# #...#
#...#.......# #...#
#...#.....∩.# #...#
#...####M.... #...#
#...# Z#...## #...#
#...# Z#...# #...#
#...##############...#


You could see 2 mummies, an adder zombie, a rat zombie, a jackal zombie, a
hobgoblin zombie, 2 kobold zombies, an orc zombie, 3 elf zombies and 2 human
zombies.

Vanquished Creatures
  A centaur zombie (Ossuary)
  A human zombie (D:4)
  An orc priest (D:3)
  Ijyb (D:3)
  3 adders (D:2)
  A worm zombie (D:4)
  2 worms (D:2)
  4 dart slugs
  3 orcs (D:3)
  10 ball pythons
  6 endoplasms
  4 giant cockroaches
  10 goblins
  5 hobgoblins
  2 jackals (D:1)
  3 quokkas (D:2)
  4 bats
  3 frilled lizards (D:1)
  7 hobgoblin zombies (Ossuary)
  6 kobolds
  10 kobold zombies (Ossuary)
  4 orc zombies (Ossuary)
  3 rats (D:1)
  A rat zombie (D:4)
95 creatures vanquished.

Notes
Turn   | Place    | Note
-------+----------+-------------------------------------------
     0 | D:1      | cyrus the Merfolk Fighter began the quest for the Orb.
     0 | D:1      | Reached XP level 1. HP: 18/18 MP: 1/1
   122 | D:1      | Reached XP level 2. HP: 24/24 MP: 2/2
   620 | D:1      | Reached XP level 3. HP: 29/29 MP: 3/3
  1535 | D:2      | Reached skill level 1 in Dodging
  1635 | D:2      | Reached skill level 4 in Polearms
  1635 | D:2      | Reached XP level 4. HP: 32/36 MP: 4/4
  2668 | D:3      | Found a snail-covered altar of Cheibriados.
  2774 | D:3      | Noticed Ijyb
  2791 | D:3      | Killed Ijyb
  2792 | D:3      | Reached XP level 5. HP: 21/42 MP: 5/5
  3122 | D:3      | Reached skill level 5 in Polearms
  3843 | D:4      | Found a sand-covered staircase.
  3885 | Ossuary  | Entered an ossuary
  4141 | Ossuary  | Reached skill level 6 in Polearms
  4141 | Ossuary  | Reached XP level 6. HP: 9/49 MP: 6/6
  4141 | Ossuary  | HP: 2/49 [human zombie (5)]
  4142 | Ossuary  | Slain by a jackal zombie

Illustrated notes

Levels and vault maps discovered:
D:1:      kennysheep_arrival_forest, layout_basic
D:2:      layout_loops_ring
D:3:      layout_basic, cheibriados_altar_1, uniq_ijyb
D:4:      layout_basic, enter_ossuary_3, hangedman_decor_points, uniq_grinder
Ossuary:  ossuary_tomb_1

Skill      XL: |  1  2  3  4  5 |
---------------+----------------+-----
Dodging        | 1 |  1.4
Polearms       | 4 6 |  6.1
Fighting       | 4 |  4.7
Armour         | |  2.8
Shields        | |  3.6

Action                   |  1- 3 |  4- 6 || total
-------------------------+-------+-------++-------
Melee: Trident           |   123 |   198 ||   321
Evoke: Wand              |       |     3 ||     3
  Use: Potion            |       |     3 ||     3
Armor: Scale mail        |    49 |       ||    49
       Plate armour      |    12 |   173 ||   185
Dodge: Dodged            |    56 |    45 ||   101
Block: Buckler           |    30 |    62 ||    92

Table legend: (Time is in decaauts)
 A = Elapsed time spent in this place.
 B = Non-inter-level travel time spent in this place.
 C = Inter-level travel time spent in this place.
 D = Time resting spent in this place.
 E = Time spent auto-exploring this place.
 F = Levels seen in this place.
 G = Mean time per level.
                   A        B        C        D        E       F      G
               +--------+--------+--------+--------+--------+-----+--------+
         Total |   4179 |   4166 |     13 |    794 |   2404 |   5 |  835.8 |
       Dungeon |   3919 |   3906 |     13 |    794 |   2288 |   4 |  979.8 |
       Ossuary |    260 |    260 |      0 |      0 |    116 |   1 |  260.0 |
               +--------+--------+--------+--------+--------+-----+--------+

Top non-repeatable levels by time:
     D:1: 1500 daAuts
     D:3: 1283 daAuts
     D:2: 1056 daAuts
 Ossuary: 260 daAuts
     D:4: 79 daAuts
